 Dungeon Crawl Stone Soup version 0.19-a0-1717-gc7c1317 (webtiles) character file.

6172 Arkorax the Cleaver (level 11, -18/89 HPs)
             Began as a Formicid Fighter on Sept 29, 2016.
             Was a Follower of Uskayaw.
             Demolished by a hill giant
             ... wielding a +0 giant club
              (27 damage)
             ... on level 10 of the Dungeon.
             The game lasted 00:10:40 (8423 turns).

Arkorax the Cleaver (Formicid Fighter)              Turns: 8423, Time: 00:10:41

Health: -18/89     AC: 16    Str: 28    XL:     11   Next: 13%
Magic:  11/11      EV:  7    Int:  8    God:    Uskayaw [*.....]
Gold:   511        SH: 12    Dex: 10    Spells: 0 memorised, 10 levels left

rFire  + . .     SeeInvis +     a - +0 war axe
rCold  . . .     Gourm    .     N - +2 plate armour {rF+}
rNeg   . . .     Faith    .     c - +0 shield
rPois  +         Spirit   .     (helmet unavailable)
rElec  .         Dismiss  .     (no cloak)
rCorr  .         Reflect  .     v - +1 pair of gloves
MR     +....     Harm     .     (no boots)
Stlth  ..........               (no amulet)
                                I - ring of poison resistance
                                L - +4 ring of strength

@: drained
A: permanent stasis, dig shafts and tunnels, four strong arms, antennae 3
a: Dig, Shaft Self, Stomp, Renounce Religion


You were on level 10 of the Dungeon.
You worshipped Uskayaw.
Uskayaw was noncommittal.
You were hungry.

You visited 2 branches of the dungeon, and saw 11 of its levels.
You also visited: Ossuary.

You collected 511 gold pieces.

Inventory:

Hand Weapons
 a - a +0 war axe (weapon)
 S - a +0 whip of freezing
   (You took it off Pikel on level 9 of the Dungeon)
Armour
 c - a +0 shield (worn)
 v - a +1 pair of gloves (worn)
 N - a +2 plate armour of fire resistance (worn)
   (You took it off an orc warrior on level 7 of the Dungeon)
Jewellery
 t - an uncursed ring of protection from cold
 I - a ring of poison resistance (right hand)
 L - a +4 ring of strength (left hand)
 P - an uncursed ring of resist corrosion {unknown}
 R - a +4 ring of protection {unknown}
 Z - a +2 ring of intelligence {unknown}
Wands
 D - a wand of polymorph (11/24)
 E - a wand of flame (12/48)
Scrolls
 g - 3 scrolls of magic mapping {unknown}
 h - a scroll of amnesia {unknown}
 i - 6 scrolls of remove curse {unknown}
 l - 6 scrolls of identify {unknown}
 n - 2 scrolls of fear {unknown}
 p - 2 scrolls of immolation {unknown}
 u - 3 scrolls of teleportation {unknown}
 y - 4 scrolls of enchant weapon {unknown}
 A - 4 scrolls of enchant armour {unknown}
 J - a scroll of blinking {unknown}
 K - a scroll of summoning {unknown}
Potions
 d - a potion of might {!q}
 e - 2 potions of mutation {unknown}
 k - 7 potions of curing {unknown}
 m - 2 potions of degeneration {unknown}
 r - 2 potions of flight {unknown}
 s - a potion of heal wounds {unknown}
 w - a potion of lignification {unknown}
 z - a potion of cure mutation {unknown}
 B - 2 potions of resistance {unknown}
 C - a potion of cancellation {unknown}
 F - 3 potions of magic {unknown}
 G - a potion of brilliance {unknown}
 H - a potion of ambrosia {unknown}
 O - a potion of haste {unknown}
Books
 b - a book of Changes
 M - a book of Misfortune
 Q - a book of the Dragon
 T - a book of Minor Magic
Miscellaneous
 U - a lamp of fire
Comestibles
 f - 10 bread rations {!e}
 j - 2 royal jellies
 o - 4 meat rations {!e}
 q - 4 slices of pizza
 x - 9 beef jerkies
 V - a chunk of flesh


   Skills:
 + Level 9.4(9.2) Fighting
 * Level 11.4(11.1) Axes
 - Level 3.2(3.0) Armour
 + Level 10.2(9.9) Shields


You had 10 spell levels left.
You didn't know any spells.

Dungeon Overview and Level Annotations

Branches:
Dungeon (10/15)            Temple (1/1) D:5             Orc (0/2) D:9
   Lair: D:8-11

Altars:
Cheibriados
Gozag
Hepliaklqana
Uskayaw
Xom

Annotations:
D:8 12 exclusions


Innate Abilities, Weirdness & Mutations

You are under a permanent stasis effect.
You can dig through walls and to a lower floor.
Your four strong arms can wield two-handed weapons with a shield.
You have a pair of large antennae on your head. (SInv)


Message History

Things that are here:
a shortbow; 18 arrows
Found a stone staircase leading up.
No target in view!
You can no longer pass through a line of other dancers.
You now have 511 gold pieces (gained 15).
You sense a monster nearby.
No target in view!
A hill giant comes into view. It is wielding a giant club.
The hill giant shouts!
Your plate armour prevents you from hitting the hill giant.
The hill giant hits you with a giant club!
Damage: 14 (max 14)
You hit the hill giant but do no damage.
The hill giant barely misses you.
A hill giant is nearby!
You slash the hill giant!
The hill giant is lightly wounded.
A hill giant is nearby!
You hit the hill giant.
The hill giant is lightly wounded.
You block the hill giant's attack.
A hill giant is nearby!
You hit the hill giant.
The hill giant is moderately wounded.
You block the hill giant's attack.
You hit the hill giant but do no damage.
The hill giant is lightly wounded.
The hill giant hits you with a giant club!!
* * * LOW HITPOINT WARNING * * *
You hear a shout!
Damage: 31 (max 31)
You slash the hill giant!
The hill giant is moderately wounded.
You can now pass through a line of other dancers.
A hill giant comes into view. It is wielding a giant club.
You barely miss the hill giant.
The hill giant is moderately wounded.
The hill giant hits you with a giant club!!
* * * LOW HITPOINT WARNING * * *
Damage: 34 (max 34)
You can no longer pass through a line of other dancers.
You are feeling hungry.
A howler monkey comes into view.
The howler monkey howls!
A zombie and a howler monkey come into view.
The howler monkey howls!
You see here an arrow.
The hill giant hits you with a giant club!!
You die...

...................#
...................#
........####..########.
.....h.................
######..†.)......###.#
#h..()....{.#
#.C.)(......#
####..C......C.###
#<...@.######...<#.#
######.# ##.###.# ....
#..# .# ##.##.# ##.# .#
#.# # #.##.# #.. #..#.#
.. ##.#.# .. #...#
.........#


You could see 2 hill giants and 2 howler monkeys.

Vanquished Creatures
  Pikel (D:9)
  Joseph (D:7)
  A troll (D:9)
  A two-headed ogre (D:8)
  Sigmund (D:4)
  8 yaks (D:9)
  3 water moccasins
  2 sky beasts
  2 ice beasts
  2 orc warriors
  4 ogres
  A phantom (D:5)
  3 slaves (D:9)
  A black bear (D:9)
  5 centaurs
  2 big kobolds
  5 bullfrogs
  A scorpion (D:7)
  2 water moccasin skeletons
  5 killer bees (D:9)
  6 howler monkeys
  A wasp zombie (D:8)
  3 crimson imps
  3 hounds
  An orc priest (D:8)
  A centaur skeleton (D:4)
  5 orc wizards
  A bullfrog skeleton (D:6)
  6 worker ants
  3 iguanas
  A mummy (D:6)
  3 adders
  A howler monkey skeleton (D:6)
  2 river rats (D:5)
  2 shadow imps (D:8)
  An ooze (D:4)
  2 adder zombies
  A worm (D:4)
  7 dart slugs
  3 leopard geckos
  20 orcs
  11 bats
  8 giant cockroaches
  6 goblins
  8 hobgoblins
  6 jackals
  18 kobolds
  2 quokkas
  3 ball pythons
  4 frilled lizards
  A goblin zombie (D:6)
  A hobgoblin zombie (D:6)
  A jackal zombie (D:5)
  11 rats
204 creatures vanquished.

Vanquished Creatures (others)
  The ghost of Grim the Destroyer, a novice DECj of Vehumet (D:6)
  A hound (D:9)
  A jelly (D:9)
  A shadow imp (D:9)
  2 fulminant prisms (D:6)
6 creatures vanquished.

Grand Total: 210 creatures vanquished

Notes
Turn   | Place    | Note
-------+----------+-------------------------------------------
     0 | D:1      | Arkorax the Formicid Fighter began the quest for the Orb.
     0 | D:1      | Reached XP level 1. HP: 18/18 MP: 1/1
   155 | D:1      | Reached XP level 2. HP: 22/24 MP: 2/2
   672 | D:1      | Reached XP level 3. HP: 22/29 MP: 3/3
  1092 | D:2      | Reached skill level 3 in Axes
  1130 | D:2      | Reached skill level 4 in Shields
  1328 | D:2      | Reached XP level 4. HP: 37/37 MP: 4/4
  1642 | D:3      | Thael: I'm learning C# in my free time as a hobby
  1642 | D:3      | Thael: are you into coding by chance?
  1642 | D:3      | Thael: ??beem
  1642 | D:3      | beem: beem[1/5]: beem is a WebTiles chat bot that sends commands to the DCSS IRC knowledge bots. For details, see https://github.com/gammafunk/beem/blob/master/docs/commands.md ; if you see beem in chat, type the following to have it watch your games on that server: !beem subscribe
  1642 | D:3      | Thael: ??orc
  1642 | D:3      | beem: orc[1/2]: Basic orc is tissue paper, with 1d6 + 4 hp. But beware {orc priest} smiting and {orc wizard} conjurations early. {Orc Warrior}, {Orc Knight} and {Orc Warlord} are increasingly powerful melee/ranged variants. {Orc High Priest} and {Orc Sorcerer} are truely deadly magical threats. See also Uniques: {Saint Roka} {Blork} {Nergalle} {Urug}
  1642 | D:3      | Arkorax: nope dont code haha
  1642 | D:3      | Thael: !beem subscribe
  1642 | D:3      | beem: Subscribed. I will now watch all games of user Thael
  1642 | D:3      | Arkorax: here you god :)
  1642 | D:3      | Arkorax: *go
  1761 | D:3      | Reached skill level 4 in Fighting
  1831 | D:3      | Thael: I'm thinking of making my first video game
  1831 | D:3      | Thael: it would be a text-based adventure/puzzle game, something like Zork but more puzzles
  1831 | D:3      | Arkorax: do it
  1966 | D:3      | Found a snail-covered altar of Cheibriados.
  1976 | D:3      | Noticed a centaur
  1988 | D:3      | Reached XP level 5. HP: 22/42 MP: 5/5
  1994 | D:3      | Killed a centaur
  1994 | D:3      | Reached skill level 4 in Axes
  2220 | D:3      | Reached XP level 6. HP: 49/49 MP: 6/6
  2382 | D:4      | Reached skill level 5 in Shields
  2614 | D:4      | Thael: !Arkorax subscribe
  2614 | D:4      | Arkorax: already subscribed ;)
  2654 | D:4      | Noticed Sigmund
  2661 | D:4      | Killed Sigmund
  2661 | D:4      | Reached skill level 5 in Fighting
  2661 | D:4      | Reached skill level 5 in Axes
  2661 | D:4      | Reached XP level 7. HP: 39/56 MP: 7/7
  3295 | D:4      | Thael: aw yeah
  3769 | D:5      | Entered Level 5 of the Dungeon
  3919 | D:5      | Found a staircase to the Ecumenical Temple.
  4018 | Temple   | Entered the Ecumenical Temple
  4069 | Temple   | Became a worshipper of Uskayaw the Reveler
  4126 | D:5      | Reached * piety under Uskayaw
  4129 | D:5      | Reached ** piety under Uskayaw
  4298 | D:5      | Thael: ok I need to go study
  4299 | D:5      | Thael: see you next time
  4299 | D:5      | Arkorax: alright
  4299 | D:5      | Arkorax: good luck
  4313 | D:5      | Found a glowing drain.
  4325 | D:5      | Reached skill level 6 in Axes
  4325 | D:5      | Reached skill level 6 in Shields
  4325 | D:5      | Reached *** piety under Uskayaw
  4330 | D:5      | Reached **** piety under Uskayaw
  4336 | D:5      | Reached XP level 8. HP: 46/63 MP: 8/8
  4350 | D:5      | Thael: hopefully I won't need luck haha
  4355 | D:5      | Arkorax: ;)
  4542 | D:6      | Noticed Grim's ghost (novice DECj)
  4546 | D:6      | Killed Grim's ghost
  4562 | D:6      | Reached skill level 6 in Fighting
  4741 | D:6      | Reached skill level 7 in Axes
  5014 | D:6      | Found a sand-covered staircase.
  5020 | Ossuary  | Entered an ossuary
  5020 | Ossuary  | Noticed a wraith
  5020 | Ossuary  | Noticed a wraith
  5020 | Ossuary  | Noticed a wraith
  5079 | D:6      | Reached skill level 7 in Shields
  5288 | D:7      | Reached XP level 9. HP: 65/71 MP: 9/9
  5295 | D:7      | Noticed Joseph
  5299 | D:7      | Reached ***** piety under Uskayaw
  5301 | D:7      | Reached skill level 8 in Axes
  5304 | D:7      | Reached ****** piety under Uskayaw
  5323 | D:7      | Killed Joseph
  5323 | D:7      | Reached skill level 7 in Fighting
  5347 | D:7      | Reached skill level 8 in Shields
  5566 | D:7      | Reached skill level 9 in Axes
  5962 | D:8      | Reached XP level 10. HP: 78/80 MP: 10/10
  5995 | D:8      | Reached skill level 8 in Fighting
  6348 | D:8      | Reached skill level 9 in Shields
  6431 | D:8      | Reached skill level 10 in Axes
  6793 | D:8      | Noticed a lindwurm
  6794 | D:8      | Noticed a lindwurm
  7021 | D:9      | Noticed Pikel
  7033 | D:9      | Killed Pikel
  7377 | D:9      | Reached skill level 9 in Fighting
  7459 | D:9      | Reached skill level 11 in Axes
  7465 | D:9      | Reached XP level 11. HP: 36/89 MP: 11/11
  7466 | D:9      | Reached skill level 10 in Shields
  8148 | D:9      | Found a staircase to the Orcish Mines.
  8343 | D:10     | Entered Level 10 of the Dungeon
  8391 | D:10     | Noticed a hill giant
  8399 | D:10     | Noticed a hill giant
  8399 | D:10     | HP: 3/89 [hill giant/giant club (34)]
  8423 | D:10     | Demolished by a hill giant

Vault maps used:
D:1:      eino_arrival_water_star, hangedman_glass_garden
D:2:      first_bread
D:3:      kennysheep_slug_shrine
D:4:      minmay_door_square, hangedman_decor_lopped, uniq_sigmund
D:5:      portal_sewer_entry_b, kennysheep_cross_room
D:6:      nicolae_ossuary_entry_giza
D:7:      grunt_ogre_cave, uniq_joseph
D:8:      hangedman_glass_teeth, minmay_lindwurm_lava
D:9:      orc_0_dummy, uniq_pikel
D:10:     david_lair_shrubbed
Temple:   roderic_octagonal_lattice_temple
Ossuary:  ossuary_due_mausoleum

Skill      XL: |  1  2  3  4  5  6  7  8  9 10 11 |
---------------+----------------------------------+-----
Axes           | 3 4 5 6 7 9 11 | 11.4
Shields        | 4 5 6 7 8 9 10 | 10.2
Fighting       | 4 5 6 7 9 |  9.4
Armour         | |  3.2

Action                   |  1- 3 |  4- 6 |  7- 9 | 10-12 || total
-------------------------+-------+-------+-------+-------++-------
Melee: War axe           |   137 |   117 |   273 |   285 ||   812
 Abil: Dig               |       |       |     1 |     1 ||     2
 Stab: Paralysed         |       |       |    11 |    13 ||    24
  Eat: Chunk             |     2 |     4 |     5 |     5 ||    16
       Bread ration      |       |       |     1 |     1 ||     2
Armor: Scale mail        |    86 |    60 |    77 |       ||   223
       Plate armour      |       |       |    12 |    97 ||   109
Dodge: Dodged            |    61 |    32 |    62 |    58 ||   213
Block: Shield            |    60 |    90 |   139 |   171 ||   460

Table legend:
 A = Turns spent in this place as a percentage of turns spent in the entire game.
 B = Non-inter-level travel turns spent in this place as a percentage of non-inter-level travel turns spent in the entire game.
 C = Inter-level travel turns spent in this place as a percentage of turns spent in this place.
 D = Turns resting spent in this place as a percentage of non-inter-level travel turns spent in this place.
 E = Turns spent auto-exploring this place as a percentage of non-inter-level travel turns spent in this place.
 F = Non-inter-level travel turns spent in this place divided by the number of levels of this place that you've seen.
                   A       B       C       D       E      F
               +-------+-------+-------+-------+-------+----------------------
         Total | 100.0 | 100.0 |   0.5 |   1.4 |  12.9 | 253.1
       Dungeon |  99.6 |  99.7 |   0.5 |   1.4 |  12.8 | 302.8
        Temple |   0.2 |   0.2 |  28.6 |   0.0 |  80.0 |   5.0
       Ossuary |   0.1 |   0.1 |   0.0 |   0.0 |   0.0 |   4.0
               +-------+-------+-------+-------+-------+----------------------

Vault maps used:
D:1:      eino_arrival_water_star, hangedman_glass_garden
D:2:      first_bread
D:3:      kennysheep_slug_shrine
D:4:      minmay_door_square, hangedman_decor_lopped, uniq_sigmund
D:5:      portal_sewer_entry_b, kennysheep_cross_room
D:6:      nicolae_ossuary_entry_giza
D:7:      grunt_ogre_cave, uniq_joseph
D:8:      hangedman_glass_teeth, minmay_lindwurm_lava
D:9:      orc_0_dummy, uniq_pikel
D:10:     david_lair_shrubbed
Temple:   roderic_octagonal_lattice_temple
Ossuary:  ossuary_due_mausoleum
